AoeStats
← caltan

Black Forest

510360704Analyzed
4v4 RM · 3d ago on Sep 30, 2026· 48m 48s· 8 players
Game mode
Random Map
Map size
Large (8 player)
Population
200
Speed
Normal
Resources
Standard
Victory
Conquest
Starting age
Dark Age
Ending age
Imperial Age
RankedLock teamsTeams togetherTeam positionsShared explorationLock speedFull tech treeHidden civsTurbo modeCheats
Victory
Defeat
🇹🇷 Britons · Türkiye
1152
+14
🇷🇴 Persians · Romania
1067
+18
🇹🇷 Franks · Türkiye
1049
+19
🇹🇷 Khmer · Türkiye
989
+21
🇦🇷 Danes · Argentina
1125
-19
🇹🇼 Persians · Taiwan
1104
-18
🇧🇪 Celts · Belgium
1102
-18
🇪🇸 Huns · Spain
1094
-17
Kori
1:02 Loom
11:12 Feudal Age
15:10 Castle Age
13:41 Double-Bit Axe
13:49 Stone Mining
13:50 Gold Mining
19:32 Bow Saw
23:41 Fletching
25:21 Wheelbarrow
27:40 Hand Cart
28:35 Bodkin Arrow
31:37 Imperial Age
29:18 Husbandry
29:22 Town Watch
31:07 Gold Shaft Mining
31:45 Town Patrol
31:41 Cavalier
33:35 Conscription
33:38 Scale Barding Armor
33:43 Forging
34:11 Fortified Wall
35:42 Chain Barding Armor
35:58 Iron Casting
34:48 Paladin
37:08 Plate Barding Armor
38:30 Onager
40:36 Blast Furnace
A Diet Coke Please
1:17 Loom
12:11 Feudal Age
14:17 Wheelbarrow
14:12 Double-Bit Axe
16:39 Castle Age
14:41 Horse Collar
17:37 Hand Cart
18:22 Bow Saw
22:11 Heavy Plow
22:39 Gold Mining
23:47 Stone Mining
24:57 Town Watch
26:05 Gold Shaft Mining
26:32 Caravan
29:02 Town Patrol
29:12 Scale Barding Armor
29:17 Forging
32:13 Imperial Age
32:05 Stone Shaft Mining
31:29 Murder Holes
31:59 Chain Barding Armor
32:15 Iron Casting
33:26 Elite War Elephant
35:32 Two-Man Saw
35:46 Blast Furnace
37:18 Chemistry
42:15 Plate Barding Armor
48:19 Crop Rotation
caltan
1:12 Loom
12:39 Feudal Age
14:27 Double-Bit Axe
18:50 Castle Age
17:17 Horse Collar
18:18 Stone Mining
18:29 Gold Mining
19:58 Bow Saw
20:25 Fishing Lines
21:48 Gold Shaft Mining
21:53 Wheelbarrow
21:18 Gillnets
21:47 Heavy Plow
25:19 Hand Cart
29:13 Imperial Age
26:50 Padded Archer Armor
26:41 Fletching
27:37 Town Watch
28:16 Leather Archer Armor
27:57 Bodkin Arrow
30:31 Conscription
30:55 Yeomen
30:39 Bracer
30:41 Scale Mail Armor
30:52 Forging
32:34 Caravan
33:56 Two-Man Saw
32:30 Pikeman
33:10 Squires
32:56 Gambesons
33:29 Chain Mail Armor
34:05 Elite Longbowman
36:03 Arson
36:40 Halberdier
40:19 Warwolf
41:05 Coinage
40:45 Guilds
47:39 Man-at-Arms
49:01 Ring Archer Armor
49:01 Plate Mail Armor
49:06 Iron Casting
48:37 Scale Barding Armor
ImJoker
1:33 Loom
12:03 Feudal Age
15:58 Castle Age
18:54 Double-Bit Axe
20:52 Bow Saw
23:21 Horse Collar
24:40 Wheelbarrow
25:26 Gold Mining
30:03 Imperial Age
27:51 Hand Cart
29:00 Padded Archer Armor
28:50 Fletching
29:15 Heavy Plow
29:55 Town Watch
31:54 Heavy Scorpion
32:52 Leather Archer Armor
32:32 Bodkin Arrow
32:48 Forging
33:56 Chemistry
34:13 Double Crossbow
36:00 Elite Ballista Elephant
37:30 Ring Archer Armor
37:00 Bracer
37:36 Iron Casting
38:01 Ballistics
kirlito
1:20 Loom
12:21 Feudal Age
13:37 Wheelbarrow
12:45 Horse Collar
13:15 Double-Bit Axe
15:13 Fishing Lines
21:05 Castle Age
21:05 Stone Mining
22:00 Hand Cart
21:49 Heavy Plow
22:01 Bow Saw
23:39 Gillnets
23:43 Gold Mining
25:41 Gold Shaft Mining
25:44 Forging
25:39 Scale Barding Armor
26:16 Scale Barding Armor
28:51 Bloodlines
28:42 Husbandry
29:26 Iron Casting
29:32 Chain Barding Armor
29:44 Marauders
32:47 Imperial Age
31:53 Fletching
33:00 Elite Tarkan
35:27 Blast Furnace
35:09 Plate Barding Armor
36:58 Conscription
40:57 Pikeman
41:38 Squires
41:23 Arson
41:00 Light Cavalry
42:06 Hussar
47:41 Scale Mail Armor
47:04 Halberdier
52521
1:32 Loom
11:07 Feudal Age
14:40 Town Watch
14:47 Double-Bit Axe
17:50 Castle Age
16:35 Horse Collar
17:34 Gold Mining
18:33 Bow Saw
20:04 Wheelbarrow
20:44 Heavy Plow
22:35 Stone Mining
23:27 Fishing Lines
26:05 Gillnets
26:57 Fervor
28:05 Hand Cart
28:30 Gold Shaft Mining
28:59 Stone Shaft Mining
32:35 Imperial Age
31:46 Scale Barding Armor
32:23 Bloodlines
32:14 Husbandry
33:18 Chain Barding Armor
33:32 Devotion
33:51 Forging
34:15 Conscription
34:32 Crop Rotation
34:40 Plate Barding Armor
34:35 Kamandaran
33:55 Elite War Elephant
36:31 Two-Man Saw
36:18 Iron Casting
37:59 Blast Furnace
43:48 Heavy Camel Rider
47:57 Light Cavalry
Hymoteptep
0:32 Loom
11:00 Feudal Age
12:18 Double-Bit Axe
12:36 Town Watch
14:51 Horse Collar
19:35 Castle Age
19:27 Stone Mining
20:28 Fletching
24:13 Wheelbarrow
23:22 Fishing Lines
23:45 Heavy Plow
25:11 Bow Saw
31:03 Gold Mining
34:26 Imperial Age
32:01 Pikeman
34:24 Hand Cart
35:10 Gold Shaft Mining
34:47 Onager
35:40 Halberdier
36:25 Scale Mail Armor
36:35 Forging
42:30 Chain Mail Armor
42:50 Iron Casting
43:19 Conscription
44:00 Furor Celtica
43:12 Siege Onager
44:34 Plate Mail Armor
44:17 Siege Engineers
45:13 Chemistry
47:54 Blast Furnace
46:51 Bodkin Arrow
Milton Caskito
0:47 Loom
12:08 Feudal Age
13:58 Double-Bit Axe
16:39 Castle Age
14:51 Horse Collar
14:59 Fishing Lines
21:06 Heavy Plow
22:59 Forging
24:37 Scale Mail Armor
24:37 Gold Mining
25:25 Gambesons
25:43 Squires
27:08 Iron Casting
26:57 Bow Saw
28:32 Chain Mail Armor
29:14 Wheelbarrow
28:25 Town Watch
33:09 Imperial Age
30:35 Arson
30:47 Fletching
30:57 Padded Archer Armor
31:43 Hand Cart
33:16 Elite Varangian Guard
34:12 Town Patrol
34:41 Conscription
33:47 Hamask
36:24 Blast Furnace
35:54 Plate Mail Armor
35:43 Siege Engineers
36:50 Plate Mail Armor
37:38 Gold Shaft Mining
36:55 Stone Mining
37:54 Capped Ram
41:13 Ballistics
41:54 Chemistry
40:51 Murder Holes
41:06 Masonry
41:41 Pikeman
42:20 Bodkin Arrow
42:40 Leather Archer Armor
43:18 Hoardings
42:31 Halberdier
Connection lost

Rejoining the realm…

Still unreachable

The connection could not be restored.

Session expired

The server has moved on; the page needs a fresh start.